 Dungeon Crawl Stone Soup version 0.19-a0-1012-g919fee8 (webtiles) character file.

807 Deemzul the Chopper (level 7, -1/54 HPs)
             Began as a Demonspawn Gladiator on July 24, 2016.
             Killed from afar by an orc wizard (5 damage)
             ... with a magic dart
             ... on level 4 of the Dungeon.
             The game lasted 00:04:04 (3314 turns).

Deemzul the Chopper (Demonspawn Gladiator)          Turns: 3314, Time: 00:04:05

Health: -1/54      AC:  6    Str: 16    XL:     7   Next: 60%
Magic:  7/7        EV: 14    Int:  9    God:
Gold:   168        SH:  0    Dex: 15    Spells: 0 memorised, 6 levels left

rFire  . . .     SeeInvis .     a - +0 war axe
rCold  . . .     Gourm    .     n - +2 robe {MR+}
rNeg   . . .     Faith    .     (no shield)
rPois  .         Spirit   .     m - +0 helmet
rElec  .         Dismiss  .     (no cloak)
rCorr  .         Reflect  .     (no gloves)
SustAt .         Harm     .     (no boots)
MR     +....                    p - amulet of rage
Stlth  +.........               (no ring)
                                (no ring)

@: somewhat resistant to hostile enchantments, very unstealthy
A: hooves 1, icy blue scales 1, rot immunity
a: Evoke Berserk Rage


You were on level 4 of the Dungeon.
You were not hungry.

You visited 1 branch of the dungeon, and saw 4 of its levels.

You collected 168 gold pieces.

Inventory:

Hand Weapons
 a - a +0 war axe (weapon)
Missiles
 d - 3 throwing nets (quivered)
Armour
 m - a +0 helmet (worn)
 n - a +2 robe of magic resistance (worn)
Jewellery
 p - an amulet of rage (around neck)
Wands
 b - a wand of flame (18/48)
Scrolls
 c - a scroll of identify {unknown}
 e - 3 scrolls of remove curse {unknown}
 h - 2 scrolls of blinking {unknown}
 i - a scroll of amnesia {unknown}
 j - a scroll of noise {unknown}
 k - a scroll of fear {unknown}
 o - 2 scrolls of enchant weapon {unknown}
 q - 2 scrolls of teleportation {unknown}
 t - a scroll of fog {unknown}
Potions
 l - 3 potions of curing
 r - 2 potions of lignification {unknown}
 u - a potion of resistance {unknown}
 w - a potion of degeneration {unknown}
Comestibles
 f - a bread ration
 g - 3 fruits
 s - a meat ration
 v - a chunk of flesh


   Skills:
 + Level 4.1 Fighting
 * Level 5.7 Axes
 - Level 1.7 Throwing
 + Level 3.1 Armour
 + Level 4.4 Dodging


You had 6 spell levels left.
You didn't know any spells.

Dungeon Overview and Level Annotations

Branches:
Dungeon (4/15)
 Temple: D:4-7

Altars:
Nemelex Xobeh
Pakellas
Trog
The Shining One


Innate Abilities, Weirdness & Mutations

You have large cloven feet.
You are partially covered in icy blue scales. (AC +1)
You are immune to rotting.


Message History

The orc priest miscasts a cantrip.
The orc wizard hits you but does no damage.
Unknown command.
You hit the orc wizard but do no damage.
The orc wizard is moderately wounded.
You hit the orc but do no damage. The orc closely misses you.
The orc priest hits you from afar with a trident.
The orc wizard closely misses you. The orc barely misses you.
The orc wizard points at you and mumbles some strange words.
The puff of flame hits you!
* * * LOW HITPOINT WARNING * * *
You slash the orc wizard!
The orc wizard is almost dead.
You hit the orc.
The orc priest calls down the wrath of Beogh upon you.
Beogh smites you!
* * * LOW HITPOINT WARNING * * *
The orc wizard points at you and mumbles some strange words.
The magic dart hits you!
You die...

####....### #...##
#..<......... .##...###
#>..# #............
..#...# #...#
#........##.. .....##
##..# #.......## .
....## #..## #.[....##
....# #...###.....##
...## ##..........##
....# #####...o.......#
....######......@o......
...............##)o.....
.............### #..)...
...........### #....?
.........### #....
.........# ....
.........# .##
...#......# #
...####....#


You could see an orc priest, an orc wizard and an orc.

Vanquished Creatures
  The ghost of clown the Changer, an amateur OpTm of Hepliaklqana (D:3)
  Sigmund (D:3)
  2 ogres (D:4)
  An orc priest (D:4)
  Jessica (D:2)
  Ijyb (D:3)
  Terence (D:3)
  4 gnolls (D:2)
  7 adders
  An ooze (D:3)
  An adder skeleton (D:4)
  6 worms
  A dart slug (D:2)
  5 giant geckos
  A ball python (D:3)
  10 bats
  3 giant cockroaches
  9 goblins
  8 hobgoblins
  7 jackals
  3 kobolds
  2 quokkas (D:2)
  5 giant newts
  8 rats
89 creatures vanquished.

Notes
Turn   | Place    | Note
-------+----------+-------------------------------------------
     0 | D:1      | Deemzul the Demonspawn Gladiator began the quest for the Orb.
     0 | D:1      | Reached XP level 1. HP: 16/16 MP: 1/1
    79 | D:1      | Reached skill level 3 in Axes
   257 | D:1      | Gained mutation: You have large cloven feet. [demonic ancestry]
   257 | D:1      | Reached XP level 2. HP: 8/22 MP: 2/2
   748 | D:1      | Gained mutation: You are partially covered in icy blue scales. (AC +1) [demonic ancestry]
   748 | D:1      | Reached XP level 3. HP: 20/27 MP: 3/3
   947 | D:2      | Found an oddly glowing altar of Pakellas.
   956 | D:2      | Reached skill level 1 in Armour
  1135 | D:2      | Noticed Jessica
  1158 | D:2      | Reached XP level 4. HP: 18/34 MP: 4/4
  1166 | D:2      | Killed Jessica
  1400 | D:2      | Reached XP level 5. HP: 7/39 MP: 5/5
  1402 | D:2      | Reached skill level 4 in Axes
  1682 | D:3      | Found a sparkling altar of Nemelex Xobeh.
  1704 | D:3      | Noticed clown's ghost (amateur OpTm)
  1705 | D:3      | Noticed Ijyb
  1984 | D:3      | Killed Ijyb
  2001 | D:3      | Killed clown's ghost
  2001 | D:3      | Reached XP level 6. HP: 19/47 MP: 6/6
  2117 | D:3      | Noticed Sigmund
  2136 | D:3      | Killed Sigmund
  2136 | D:3      | Reached skill level 5 in Axes
  2136 | D:3      | Gained mutation: You are immune to rotting. [demonic ancestry]
  2136 | D:3      | Reached XP level 7. HP: 17/53 MP: 7/7
  2546 | D:3      | Noticed Terence
  2559 | D:3      | Killed Terence
  2796 | D:3      | Found a bloodstained altar of Trog.
  3124 | D:3      | Found a glowing golden altar of the Shining One.
  3314 | D:4      | Killed from afar by an orc wizard

Vault maps used:
D:1:      minmay_arrival_stair_chambers
D:2:      grunt_pakellas_sulfur, uniq_jessica
D:3:      lemuel_coloured_pillars_altar, lemuel_doored_altar,
          old_standard_altar, due_unseen_surprise, uniq_terence, uniq_sigmund,
          uniq_iyjb

Skill      XL: |  1  2  3  4  5  6  7 |
---------------+----------------------+-----
Axes           | 3 4 5 |  5.7
Armour         | 1 2 3 |  3.1
Dodging        | 3 4 |  4.4
Fighting       | 3 4 |  4.1
Throwing       | |  1.7

Action                   |  1- 3 |  4- 6 |  7- 9 || total
-------------------------+-------+-------+-------++-------
Melee: War axe           |   131 |   113 |    93 ||   337
       Kick              |    18 |    34 |    20 ||    72
 Abil: Evoke Berserk Rag |       |     1 |       ||     1
  Use: Potion            |       |     3 |       ||     3
  Eat: Chunk             |     1 |     3 |     5 ||     9
Armor: Leather armour    |    64 |     3 |       ||    67
       Robe              |       |    34 |    26 ||    60
Dodge: Dodged            |   149 |    90 |    62 ||   301
